 Dungeon Crawl Stone Soup version 0.29-a0-321-gf1c400731a (webtiles) character file.

Game seed: 1100433638261143930

63161 Murumi the Fighter (level 15, 0/96 HPs)
             Began as a Gargoyle Fighter on Apr 3, 2022.
             Was a High Priest of Okawaru.
             Killed by divine providence
             ... invoked by an orc priest
              (14 damage)
             ... on level 1 of the Orcish Mines on Apr 4, 2022.
             The game lasted 01:26:13 (25445 turns).

Murumi the Fighter (Gargoyle Fighter)              Turns: 25445, Time: 01:26:14

Health: 0/96       AC: 37    Str: 24    XL:     15   Next: 8%
Magic:  13/22      EV:  9    Int: 12    God:    Okawaru [*****.]
Gold:   1892       SH: 10    Dex: 15    Spells: 22/24 levels left

rFire   . . .      SeeInvis +   a - +3 morningstar (vamp)
rCold   + . .      Faith    .   c - +3 buckler
rNeg    + . .      Spirit   .   v - +1 plate armour {Will+}
rPois   ∞          Reflect  .   w - +2 helmet {SInv}
rElec   +          Harm     .   D - +1 cloak
rCorr   .          Rampage  +   m - +0 pair of gloves
Will    ++...                   L - +1 pair of boots {rampage}
Stlth   ..........              (no amulet)
HPRegen 0.26/turn               g - +6 ring of dexterity
MPRegen 0.18/turn               z - ring of protection from cold

@: finesse-ful, flying, studying Translocations
A: sickness immunity, AC +11, big wings, negative energy resistance 1,
electricity resistance, torment resistance 1, petrification resistance
a: Renounce Religion, Heroism, Finesse, Duel


You were on level 1 of the Orcish Mines.
You worshipped Okawaru.
Okawaru was extremely pleased with you.
You visited 4 branches of the dungeon, and saw 20 of its levels.
You also visited: Bailey.

You collected 2094 gold pieces.
You spent 202 gold pieces at shops.

Inventory:

Hand Weapons
 a - a +3 vampiric morningstar (weapon)
 f - a +0 hand crossbow of flaming
 J - the +5 demon whip "Spellbinder" {antimagic, Will+}
   (You found it on level 5 of the Lair of Beasts)

   It reduces the magical energy of the wielder, and disrupts the spells and
   magical abilities of those it strikes.
   Natural abilities and divine invocations are not affected.
   It unleashes wild and unpredictable magical effects upon striking a wizard or
   a creature with magical abilities.
   Will:      It increases your willpower.
Missiles
 l - a throwing net
Armour
 c - a +3 buckler (worn)
 m - a +0 pair of gloves (worn)
 v - a +1 plate armour of willpower (worn)
 w - a +2 helmet of see invisible (worn)
 D - a +1 cloak (worn)
 L - a +1 pair of boots of rampaging (worn)
Jewellery
 g - a +6 ring of dexterity (left hand)
 p - a +6 ring of intelligence
 z - a ring of protection from cold (right hand)
Wands
 k - a wand of paralysis (17)
 F - a wand of iceblast (11)
 K - a wand of mindburst (7)
Scrolls
 i - 5 scrolls of teleportation
 A - 2 scrolls of silence
 C - 9 scrolls of identify
 E - a scroll of blinking
 G - 3 scrolls of fear
 H - a scroll of amnesia
Potions
 b - a potion of flight
 d - 2 potions of brilliance
 e - 5 potions of lignification
 h - 5 potions of curing
 j - 7 potions of haste
 n - 3 potions of cancellation
 q - a potion of attraction
 r - 3 potions of heal wounds
 s - 2 potions of ambrosia
 t - 3 potions of invisibility
 u - a potion of magic
 x - 6 potions of might
 B - 5 potions of mutation
 I - a potion of berserk rage
Miscellaneous
 y - a tin of tremorstones (2/2)


   Skills:
 - Level 12.0 Fighting
 - Level 11.0 Maces & Flails
 + Level 10.7 Crossbows
 - Level 12.0 Armour
 - Level 4.0 Dodging
 - Level 12.0 Shields
 - Level 5.0 Spellcasting
 - Level 4.0 Transmutations
 - Level 7.0 Invocations
 - Level 5.0 Evocations


You had 22 spell levels left.
You knew the following spells:

 Your Spells              Type           Power      Damage    Failure   Level
a - Wereblood             Tmut           12%        N/A       56%         2

Your spell library contained the following spells:

 Spells                   Type           Power      Damage    Failure   Level
 Beastly Appendage        Tmut           24%        N/A       41%         1
 Passwall                 Tmut/Erth      5%         N/A       83%         2
 Foxfire                  Conj/Fire      12%        2x1d4     93%         1
 Sandblast                Erth           6%         2d5       93%         1
 Slow                     Hex            12%        N/A       93%         1
 Spider Form              Tmut/Pois      7%         N/A       97%         3
 Scorch                   Fire           6%         2d5       98%         2
 Static Discharge         Conj/Air       3%         N/A       98%         2
 Ignite Poison            Fire/Tmut/Pois 6%         N/A       99%         3
 Confusing Touch          Hex            3%         N/A       100%        3
 Conjure Flame            Conj/Fire      3%         6-21      100%        3
 Dazzling Flash           Conj/Hex       6%         N/A       100%        3
 Inner Flame              Hex/Fire       3%         N/A       100%        3
 Mephitic Cloud           Conj/Pois/Air  3%         N/A       100%        3
 Portal Projectile        Hex/Tloc       6%         N/A       100%        3
 Stone Arrow              Conj/Erth      6%         3d7       100%        3
 Vampiric Draining        Necr           3%         2d6       100%        3
 Flame Wave               Conj/Fire      3%         2d4       100%        4
 Iskenderun's Mystic Bla  Conj/Tloc      3%         2d3       100%        4
 Passage of Golubria      Tloc           3%         N/A       100%        4
 Blade Hands              Tmut           6%         N/A       100%        5
 Excruciating Wounds      Necr           1%         N/A       100%        5
 Freezing Cloud           Conj/Ice/Air   1%         6-21      100%        5
 Iskenderun's Battlesphe  Conj           3%         2d6       100%        5
 Yara's Violent Unravell  Hex/Tmut       3%         3d4       100%        5
 Conjure Ball Lightning   Conj/Air       1%         3x3d6     100%        6
 Iron Shot                Conj/Erth      1%         9d1       100%        6
 Starburst                Conj/Fire      1%         6d3       100%        6
 Discord                  Hex            1%         N/A       100%        8
 Disjunction              Tloc           1%         N/A       100%        8
 Tukima's Dance           Hex            Unusable   N/A       N/A         3
 Animate Armour           Summ/Erth      Unusable   N/A       N/A         4
 Summon Cactus Giant      Summ           Unusable   N/A       N/A         6
 Spellforged Servitor     Conj/Summ      Unusable   N/A       N/A         7

Dungeon Overview and Level Annotations

Branches:
Dungeon (11/15)            Temple (1/1) D:5            Lair (6/6) D:10
 Shoals (0/4) Lair:4       Spider (0/4) Lair:2        Slime (0/5) Lair:6
    Orc (2/2) D:9          Bailey (visited)
    Elf: Orc:2

Altars:
Ashenzari
Cheibriados
Dithmenos
Elyvilon
Fedhas
Gozag
Hepliaklqana
Kikubaaqudgha
Makhleb
Nemelex Xobeh
Okawaru
Qazlal
Ru
Sif Muna
Trog
Uskayaw
Vehumet
Wu Jian
Xom
Yredelemnul
Zin
The Shining One
Beogh

Shops:
D:7 :   D:9 [   Orc:2 (

Annotations:
Lair:1 2 transporters, Morbidden's ghost, journeyman TrTm


Innate Abilities, Weirdness & Mutations

You are immune to sickness and miasma.
Your stone body is resilient. (AC +11)
You are immune to poison.
Your large and strong wings let you fly.
You resist negative energy. (rN+)
You are resistant to electric shocks. (rElec)
You are resistant to unholy torment.
You are immune to petrification.


Message History

Unknown command.
Aiming: Duel (38% risk of failure)
Press: ? - help, Dir - move target, f - orc high priest
Aim: an orc high priest, wielding a +0 short sword (heavily wounded)
You fail to use your ability.
The orange demon completely misses you. You block the smoke demon's attack.
The smoke demon barely misses you. You block the smoke demon's attack.
The soul eater closely misses you. The orc high priest barely misses you.
Aiming: Duel (38% risk of failure)
Press: ? - help, Dir - move target, f/p - orc high priest
Aim: an orc high priest, wielding a +0 short sword (heavily wounded)
You fail to use your ability.
You block the orange demon's attack. The smoke demon completely misses you.
You block the smoke demon's attack. The smoke demon closely misses you.
The soul eater hits you but does no damage.
The orc high priest closely misses you.
Aiming: Duel (38% risk of failure)
Press: ? - help, Dir - move target, f/p - orc high priest
Aim: an orc high priest, wielding a +0 short sword (heavily wounded)
You enter into single combat with the orc high priest!
The soul eater disappears in a puff of smoke!
The orange demon disappears in a puff of smoke!
The smoke demon disappears in a puff of smoke!
The world spins around you as you enter the gateway.
You enter Okawaru's Arena!
The spectator shouts! x10
You block the orc high priest's attack.
Found a gate leading back out of this place.
There is an empty arch of ancient stone here.
You bludgeon the orc high priest!!
You kill the orc high priest!
Okawaru accepts your kill. Okawaru crowns you victorious!
An exit appears.
You feel like a meek peon again.
Okawaru bids you farewell from the Arena.
You are returned from the Arena.
Welcome back to the Orcish Mines!
You are too injured to fight recklessly!
The orc priest calls down the wrath of Beogh upon you.
Beogh smites you!
You die...

##...#..###......#
##.#..#..
#...#....##......#
######).
##.###..##...##.##
#... ###
######.##...# ##..
####..## ##.#.
##....## #....
#...o[)## ##...
##...)..## ###.
#..#@...###. ##.#.
.....#.[......
##....
......)).......
#.....
#......(........
##....
##...8.$...8.#.#
##....
#.....)........
##....#
######)''#####
#....## .....
#.....# ......
#....##


You could see an orc priest.

Vanquished Creatures
  Nessos (Lair:6)
  A dire elephant (Lair:6)
  Snorg (Lair:5)
  Josephine (Lair:4)
  A fire dragon (Lair:6)
  2 ettins (Orc:1)
  2 boulder beetles
  11 hydras
  An alligator (Lair:6)
  An anaconda (Lair:6)
  2 two-headed ogres
  2 death yaks (Lair:6)
  An orc high priest (Arena)
  Urug (Lair:6)
  A fire crab (Lair:6)
  4 skeletal warriors
  A swamp dragon (Lair:6)
  An orc knight (Bailey)
  A manticore (D:8)
  2 orc sorcerers
  2 elephants (Lair:6)
  7 black mambas
  13 cane toads
  A torpor snail (Lair:6)
  An unseen horror (D:10)
  3 rime drakes
  18 komodo dragons
  2 trolls
  12 polar bears
  5 hornets
  15 blink frogs
  2 raiju (Lair:6)
  6 dream sheep
  2 shadows
  4 wraiths
  2 fire elementals (Lair:3)
  A wyvern (Lair:2)
  35 yaks
  Eustachio (D:6)
  4 basilisks
  5 steam dragons
  3 vampire mosquitoes (D:6)
  Menkaure (D:4)
  2 acid dragons
  5 wargs
  15 hell hounds (Lair:6)
  12 water moccasins
  A swamp drake (Lair:6)
  2 ice beasts
  2 sky beasts
  20 black bears
  6 orc warriors
  3 ogres
  27 wolves
  4 centaurs (Lair:4)
  2 kobold brigands
  4 bullfrogs
  2 necrophages
  Blork the orc (D:6)
  6 scorpions
  4 wights (D:9)
  10 killer bees
  A lava snake (Lair:3)
  A hound (D:5)
  13 jellies (Lair:6)
  21 orc priests
  A gnoll shaman (D:7)
  9 iguanas
  12 orc wizards
  13 adders
  12 gnolls
  A white imp (D:6)
  2 ufetubi
  A worm (D:2)
  3 dart slugs
  55 orcs
  4 ball pythons
  3 endoplasms
  2 giant cockroaches
  10 goblins
  5 hobgoblins
  5 jackals (D:1)
  19 kobolds
  8 quokkas
  4 bats
  5 frilled lizards
  6 rats
527 creatures vanquished.

Vanquished Creatures (others)
  A bush (Lair:6)
  24 fungi
  77 plants
102 creatures vanquished.

Grand Total: 629 creatures vanquished

Notes
Turn   | Place    | Note
-------+----------+-------------------------------------------
     0 | D:1      | Murumi the Gargoyle Fighter began the quest for the Orb.
     0 | D:1      | Reached XP level 1. HP: 14/14 MP: 1/1
    48 | D:1      | You fall into a shaft and drop 1 floor!
    69 | D:2      | Got the Grimoire of Confrontation
   212 | D:1      | Reached XP level 2. HP: 16/20 MP: 2/2
   618 | D:1      | Reached XP level 3. HP: 24/24 MP: 3/3
   713 | D:1      | Found a faded altar of an unknown god.
  1737 | D:2      | Reached XP level 4. HP: 28/29 MP: 4/4
  2074 | D:3      | Found a shimmering altar of Xom.
  2173 | D:3      | Reached skill level 1 in Dodging
  2204 | D:3      | Noticed a necrophage
  2223 | D:3      | Killed a necrophage
  2224 | D:3      | Reached XP level 5. HP: 26/33 MP: 5/5
  3219 | D:4      | Reached XP level 6. HP: 28/39 MP: 6/6
  3234 | D:4      | Reached skill level 5 in Fighting
  3592 | D:4      | Noticed Menkaure
  3595 | D:4      | Killed Menkaure
  3596 | D:4      | Reached skill level 5 in Armour
  3596 | D:4      | Reached skill level 5 in Shields
  3596 | D:4      | Reached XP level 7. HP: 44/44 MP: 7/7
  3915 | D:4      | Found a shimmering blue altar of Sif Muna.
  4110 | D:5      | Entered Level 5 of the Dungeon
  4123 | D:5      | Reached skill level 5 in Maces & Flails
  4433 | D:5      | Reached XP level 8. HP: 48/51 MP: 8/8
  4561 | D:5      | Found a staircase to the Ecumenical Temple.
  4734 | Temple   | Entered the Ecumenical Temple
  4902 | Temple   | Became a worshipper of Warmaster Okawaru
  5433 | D:6      | Noticed Eustachio
  5455 | D:6      | Killed Eustachio
  5456 | D:6      | Reached skill level 1 in Invocations
  5945 | D:6      | Reached * piety under Okawaru
  6014 | D:6      | Identified the +1 leather armour "Pueckoyr" {Int+2 Slay+2}
  6149 | D:6      | Reached XP level 9. HP: 55/57 MP: 11/11
  6473 | D:6      | Noticed Blork the orc
  6481 | D:6      | Killed Blork the orc
  6807 | D:7      | Reached ** piety under Okawaru
  7646 | D:7      | Identified a scroll of acquirement
  7646 | D:7      | Acquired a manual of Translocations
  7852 | D:7      | Found Qecadiheomm's Book Emporium.
  7871 | D:7      | Acquired 368 gold pieces
  7978 | D:8      | Noticed a five-headed hydra
  7987 | D:8      | Killed a five-headed hydra
  8107 | D:8      | Reached XP level 10. HP: 64/64 MP: 13/13
  8207 | D:8      | Found a flagged portal.
  8244 | Bailey   | Entered a bailey
  8536 | Bailey   | Noticed an orc knight
  8564 | Bailey   | Killed an orc knight
  8564 | Bailey   | Reached *** piety under Okawaru
  9423 | D:8      | Noticed a manticore
  9434 | D:8      | Killed a manticore
  9434 | D:8      | Received a gift from Okawaru
  9608 | D:9      | Found Pidacocu's Antique Armour Emporium.
  9667 | D:9      | Noticed a skeletal warrior
  9677 | D:9      | Noticed a skeletal warrior
 10085 | D:8      | Killed a skeletal warrior
 10253 | D:9      | Noticed a skeletal warrior
 10274 | D:8      | Killed a skeletal warrior
 10274 | D:8      | Reached **** piety under Okawaru
 10489 | D:9      | Killed a skeletal warrior
 10490 | D:9      | Reached skill level 5 in Invocations
 10490 | D:9      | Reached XP level 11. HP: 49/71 MP: 12/14
 10589 | D:9      | Noticed a skeletal warrior
 10607 | D:9      | Killed a skeletal warrior
 10607 | D:9      | Reached ***** piety under Okawaru
 10608 | D:9      | Reached skill level 10 in Fighting
 10765 | D:9      | Found a glowing golden altar of the Shining One.
 10769 | D:9      | Found a blossoming altar of Fedhas.
 10847 | D:9      | Found an ancient bone altar of Kikubaaqudgha.
 10980 | D:9      | Found a broken altar of Ashenzari.
 11029 | D:9      | Bought a runed helmet for 202 gold pieces
 11073 | D:9      | Found a staircase to the Orcish Mines.
 11174 | D:9      | Noticed a two-headed ogre
 11183 | D:9      | Killed a two-headed ogre
 11184 | D:9      | Reached skill level 10 in Armour
 11616 | D:10     | Entered Level 10 of the Dungeon
 11988 | D:10     | Received a gift from Okawaru
 11989 | D:10     | Reached skill level 10 in Shields
 12002 | D:10     | Reached skill level 1 in Evocations
 12560 | D:10     | Found a staircase to the Lair.
 12734 | Lair:1   | Entered Level 1 of the Lair of Beasts
 12734 | Lair:1   | Noticed a five-headed hydra
 12749 | D:10     | Killed a five-headed hydra
 13025 | Lair:1   | Noticed an eight-headed hydra
 13050 | D:10     | Killed an eight-headed hydra
 13344 | Lair:1   | Found a transporter.
 13347 | Lair:1   | Noticed Morbidden's ghost (journeyman TrTm)
 13359 | Lair:1   | Found a transporter.
 13408 | Lair:1   | Reached XP level 12. HP: 31/77 MP: 15/15
 13777 | Lair:1   | Received a gift from Okawaru
 13796 | Lair:1   | Reached skill level 5 in Crossbows
 13830 | Lair:1   | Noticed a five-headed hydra
 13840 | Lair:1   | Killed a five-headed hydra
 14628 | Lair:2   | Identified the +2 chain mail "Lut Jeoc" {Rampage rN+ MP+9
                  | Int-3} (Okawaru gifted it to you on level 2 of the Lair of
                  | Beasts)
 14628 | Lair:2   | Received a gift from Okawaru
 14843 | Lair:2   | Noticed a six-headed hydra
 14852 | Lair:2   | Killed a six-headed hydra
 14985 | Lair:2   | Reached ****** piety under Okawaru
 15274 | Lair:2   | Found a hole to the Spider Nest.
 15724 | Lair:2   | Noticed a four-headed hydra
 15733 | Lair:2   | Killed a four-headed hydra
 16526 | Lair:3   | Learned a level 2 spell: Wereblood
 16687 | Lair:3   | Reached skill level 1 in Transmutations
 17051 | Lair:3   | Reached XP level 13. HP: 83/83 MP: 15/17
 17276 | Lair:3   | You are sucked into a shaft and drop 1 floor!
 17371 | Lair:4   | Found a staircase to the Shoals.
 17967 | Lair:4   | Received a gift from Okawaru
 18050 | Lair:4   | Noticed Josephine
 18065 | Lair:4   | Killed Josephine
 18855 | Lair:5   | Found the +5 demon whip "Spellbinder" {antimagic, Will+}
 19153 | Lair:5   | Noticed Snorg
 19172 | Lair:5   | Killed Snorg
 19508 | Lair:5   | Reached skill level 10 in Maces & Flails
 19786 | Lair:5   | Found an iron altar of Okawaru.
 20156 | Lair:6   | Entered Level 6 of the Lair of Beasts
 20171 | Lair:5   | Received a gift from Okawaru
 20337 | Lair:6   | Reached skill level 10 in Crossbows
 20372 | Lair:6   | Received a gift from Okawaru
 20454 | Lair:6   | Received a gift from Okawaru
 20601 | Lair:6   | Found a staircase to the Slime Pits.
 20622 | Lair:6   | Received a gift from Okawaru
 21285 | Lair:6   | Received a gift from Okawaru
 21357 | Lair:6   | Gained mutation: Your large and strong wings let you fly.
                  | [Gargoyle growth]
 21357 | Lair:6   | Reached XP level 14. HP: 88/92 MP: 18/18
 21905 | Lair:6   | Received a gift from Okawaru
 21934 | Lair:6   | Reached skill level 1 in Spellcasting
 22196 | Lair:6   | Received a gift from Okawaru
 22316 | Lair:6   | Noticed Nessos
 22333 | Lair:6   | Killed Nessos
 22661 | Lair:6   | Noticed Urug
 22695 | Lair:6   | Killed Urug
 23105 | Lair:6   | Received a gift from Okawaru
 23611 | Lair:6   | Reached skill level 5 in Spellcasting
 23774 | Lair:6   | Noticed a dire elephant
 23821 | Lair:6   | Killed a dire elephant
 24027 | Lair:6   | Reached skill level 5 in Evocations
 24527 | Orc:1    | Entered Level 1 of the Orcish Mines
 24939 | Orc:2    | Entered Level 2 of the Orcish Mines
 25013 | Orc:2    | Reached XP level 15. HP: 90/96 MP: 22/22
 25045 | Orc:2    | Found Jeiq's Weapon Shoppe.
 25423 | Arena    | Entered the Arena
 25445 | Orc:1    | Killed from afar by an orc priest

Illustrated notes

Levels and vault maps discovered:
D:1:      saegor_arrival_simple_a, layout_loops_corners, basic_ecumenical_altar
D:2:      layout_loops_ring
D:3:      layout_loops_cross, mainiacjoe_overflow_paths,
          minmay_misc_feat_encased, kennysheep_small_spiral
D:4:      wad_woods_tower, layout_basic, led_sif_book, uniq_menkaure
D:5:      layout_cave_pools, minmay_temple_entry_proselytizer, dk_noncrumbling_2
D:6:      layout_loops_corners, uniq_blork_the_orc, uniq_eustachio
D:7:      layout_rooms, serial_shops,
          nicolae_shop_temple_entry_statues_fountains
D:8:      layout_gridville, enter_bailey_4
D:9:      layout_small_grid, grunt_temple_overflow_open, orc_0_dummy,
          serial_shops, nicolae_stop_n_shop_1
D:10:     layout_basic, grunt_lair_entry_orc_guard_hut
D:11:     layout_long_grid, nicolae_trove_entry_free_sample,
          nicolae_uskayaw_en_pointe, uniq_erolcha
Temple:   eino_temple_scatter_basement
Lair:1:   layout_big_grid, gammafunk_ghost_arena, serial_bayou_pond_e
Lair:2:   layout_roguey, spider_nest_entry_web_field, grunt_megastairs_1,
          serial_bayou_shore_a
Lair:3:   layout_gridlike, minmay_hedge_maze, nicolae_quartered_pool_impasse,
          beast_lair_carwin_6
Lair:4:   layout_loops_ring, minmay_shoals_entry_centaurs, grunt_megastairs_4,
          infiniplex_staircase_pool, uniq_josephine
Lair:5:   layout_hall_layers, basic_altar, st_stairs_9,
          infiniplex_staircase_pool_2, uniq_snorg
Lair:6:   guppyfry_lair_end_dragon, layout_hall_layers,
          hangedman_lair_caniforms_friends, minmay_slime_entry_jelly_boxes,
          nicolae_lair_lakeside_cave, uniq_urug, uniq_nessos
Orc:1:    layout_caves, basic_altar, minmay_orc_temple_c
Orc:2:    st_orc_elflike, layout_diamond_mine, serial_shops,
          nicolae_shop_bloodbath_and_beyond

Skill      XL: |  1  2  3  4  5  6  7  8  9 10 11 12 13 14 |
---------------+-------------------------------------------+-----
Fighting       | 4 5 6 7 8 9 10 12 | 12.0
Armour         | 4 5 7 8 9 10 11 12 | 12.0
Shields        | 4 5 6 8 9 10 11 12 | 12.0
Dodging        | 1 2 3 4 |  4.0
Maces & Flails | 3 4 5 6 8 9 10 11 | 11.0
Invocations    | 3 4 5 6 7 |  7.0
Evocations     | 3 4 5 |  5.0
Crossbows      | 4 9 10 | 10.7
Transmutations | 3 4 |  4.0
Spellcasting   | 5 |  5.0

Action                   |  1- 3 |  4- 6 |  7- 9 | 10-12 | 13-15 || total
-------------------------+-------+-------+-------+-------+-------++-------
Melee: Flail             |    99 |   150 |   301 |       |       ||   550
       Morningstar       |       |       |    10 |   858 |  1268 ||  2136
       Demon whip        |       |       |       |       |     8 ||     8
 Fire: Hand crossbow     |       |       |       |    95 |   373 ||   468
Invok: Heroism           |       |       |       |     9 |    10 ||    19
       Finesse           |       |       |       |       |     7 ||     7
       Duel              |       |       |       |       |     1 ||     1
Evoke: Wand              |       |       |       |       |     4 ||     4
  Use: Scroll            |     6 |     6 |    13 |    10 |     4 ||    39
       Potion            |       |       |     1 |     5 |       ||     6
 Stab: Invisible         |       |       |       |     2 |       ||     2
       Paralysed         |       |       |       |       |     3 ||     3
Armor: Scale mail        |    42 |    29 |       |       |       ||    71
       Plate armour      |       |    62 |   238 |   596 |  1010 ||  1906
Dodge: Dodged            |    39 |    40 |    99 |   297 |   518 ||   993
Block: Buckler           |    24 |    45 |   134 |   447 |   831 ||  1481

Table legend: (Time is in decaauts)
 A = Elapsed time spent in this place.
 B = Non-inter-level travel time spent in this place.
 C = Inter-level travel time spent in this place.
 D = Time resting spent in this place.
 E = Time spent auto-exploring this place.
 F = Levels seen in this place.
 G = Mean time per level.
                   A        B        C        D        E       F      G
               +--------+--------+--------+--------+--------+-----+--------+
         Total |  25708 |  24225 |   1483 |   1015 |  17653 |  22 | 1168.5 |
       Dungeon |  12348 |  11365 |    983 |    895 |   8124 |  11 | 1122.5 |
        Temple |    177 |    153 |     24 |      0 |    138 |   1 |  177.0 |
          Lair |  11496 |  11047 |    449 |    119 |   8107 |   6 | 1916.0 |
  Orcish Mines |    898 |    873 |     25 |      0 |    668 |   2 |  449.0 |
        Bailey |    766 |    766 |      0 |      0 |    597 |   1 |  766.0 |
         Arena |     20 |     20 |      0 |      0 |     19 |   1 |   20.0 |
               +--------+--------+--------+--------+--------+-----+--------+

Top non-repeatable levels by time:
  Lair:6: 4148 daAuts
  Lair:2: 1824 daAuts
     D:8: 1763 daAuts
     D:6: 1745 daAuts
  Lair:5: 1610 daAuts
  Lair:1: 1449 daAuts
    D:10: 1418 daAuts
  Lair:4: 1330 daAuts
     D:9: 1276 daAuts
     D:4: 1164 daAuts
     D:1: 1146 daAuts
  Lair:3: 1133 daAuts
     D:2: 1047 daAuts
     D:5: 980 daAuts
     D:3: 947 daAuts
